 Dungeon Crawl Stone Soup version 0.29-a0-323-g050149af67 (webtiles) character file.

Game seed: 17286284708634481801

793 Jortsu the Covert (level 7, -2/56 HPs)
             Began as a Gnoll Brigand on Apr 10, 2022.
             Was a Believer of the Shining One.
             Slain by a kobold
             ... wielding a +0 whip
              (5 damage)
             ... in a sewer.
             The game lasted 00:08:11 (4614 turns).

Jortsu the Covert (Gnoll Brigand)                   Turns: 4614, Time: 00:08:11

Health: -2/56      AC:  7    Str: 11    XL:     7   Next: 88%
Magic:  11/11      EV: 13    Int: 10    God:    the Shining One [**....]
Gold:   162        SH:  0    Dex: 15    Spells: 11/11 levels left

rFire   . . .      SeeInvis .   g - +1 short sword (elec)
rCold   . . .      Faith    .   (no shield)
rNeg    + . .      Spirit   .   i - +0 leather armour {rPois}
rPois   +          Reflect  .   (no helmet)
rElec   .          Harm     .   c - +0 cloak
rCorr   .          Rampage  .   f - +0 pair of gloves
Will    .....                   n - +1 pair of boots
Stlth   ++........              (no amulet)
HPRegen 0.18/turn               (no ring)
MPRegen 0.12/turn               (no ring)

@: glowing
A: fangs 1, strong nose, distributed training
a: Renounce Religion, Divine Shield


You were in a sewer.
You worshipped the Shining One.
The Shining One was pleased with you.
You visited 1 branch of the dungeon, and saw 5 of its levels.
You also visited: Sewer.

You collected 162 gold pieces.

Inventory:

Hand Weapons
 a - a +2 dagger
 g - a +1 short sword of electrocution (weapon)
 u - a +5 short sword
Missiles
 b - 4 atropa-tipped darts
 d - 18 poisoned darts (quivered)
 e - 4 curare-tipped darts
Armour
 c - a +0 cloak (worn)
 f - a +0 pair of gloves (worn)
 i - a +0 leather armour of poison resistance (worn)
 n - a +1 pair of boots (worn)
Jewellery
 r - an amulet of regeneration
Scrolls
 h - a scroll of fog
 p - a scroll of fear
 q - a scroll of blinking
 t - a scroll of teleportation
 v - a scroll of enchant armour
Potions
 j - a potion of magic
 k - a potion of attraction {unknown}
 l - 2 potions of mutation {unknown}
 m - a potion of resistance
 o - 2 potions of curing
 s - a potion of lignification {unknown}


   Skills:
 + Level 5.4 Fighting
 + Level 5.4 Short Blades
 + Level 2.7 Long Blades
 + Level 2.7 Axes
 + Level 2.7 Maces & Flails
 + Level 2.7 Polearms
 + Level 2.7 Staves
 + Level 2.7 Slings
 + Level 2.7 Bows
 + Level 2.7 Crossbows
 + Level 5.4 Throwing
 + Level 2.7 Armour
 + Level 3.8 Dodging
 + Level 8.3 Stealth
 + Level 2.7 Shields
 + Level 2.7 Unarmed Combat
 + Level 2.7 Spellcasting
 + Level 2.2 Conjurations
 + Level 2.2 Hexes
 + Level 2.2 Summonings
 + Level 2.2 Necromancy
 + Level 2.2 Translocations
 + Level 2.2 Transmutations
 + Level 2.2 Fire Magic
 + Level 2.2 Ice Magic
 + Level 2.2 Air Magic
 + Level 2.2 Earth Magic
 + Level 2.2 Poison Magic
 + Level 3.0 Invocations
 + Level 2.7 Evocations


You had 11 spell levels left.
You didn't know any spells.
Your spell library was empty.

Dungeon Overview and Level Annotations

Branches:
Dungeon (5/15)              Sewer (1/1)
 Temple: D:4-7

Altars:
Zin
The Shining One

Shops:
D:1 *

Annotations:
D:4 Robin


Innate Abilities, Weirdness & Mutations

You have very sharp teeth.
Your uncanny sense of smell can sniff out nearby items.
Your experience applies equally to all skills.


Message History

You hit the kobold brigand.
The kobold brigand is almost dead.
The kobold brigand hits you with a +0 dagger. x2
The kobold hits you but does no damage.
You hit the kobold brigand.
Lightning courses through the kobold brigand!!
You kill the kobold brigand!
The kobold brigand barely misses you. The kobold misses you.
You hit the kobold brigand.
The kobold brigand is lightly wounded.
The kobold brigand hits you with a +0 dagger.
The kobold hits you but does no damage.
You hit the kobold brigand.
The kobold brigand is moderately wounded.
The kobold brigand hits you with a +0 dagger!
* * * LOW HITPOINT WARNING * * *
The kobold barely misses you.
You completely miss the kobold brigand.
The kobold brigand is moderately wounded.
You hit the kobold brigand but do no damage.
You bite the kobold brigand, but do no damage.
The kobold brigand is moderately wounded.
The kobold brigand closely misses you. The kobold hits you but does no damage.
You hit the kobold brigand. You punch the kobold brigand.
The kobold brigand is heavily wounded.
The kobold brigand hits you with a +0 dagger!
* * * LOW HITPOINT WARNING * * *
The kobold closely misses you.
You hit the kobold brigand but do no damage.
The kobold brigand is heavily wounded.
The kobold brigand barely misses you. The kobold closely misses you.
You hit the kobold brigand but do no damage.
The kobold brigand is heavily wounded.
The kobold brigand closely misses you. The kobold barely misses you.
You hit the kobold brigand. You punch the kobold brigand.
The kobold brigand is severely wounded.
The kobold brigand hits you with a +0 dagger.
* * * LOW HITPOINT WARNING * * *
The kobold hits you with a +0 whip.
You die...

#.....≈≈≈#≈≈≈#≈≈..##
##....P≈P#≈≈≈#....##
#......≈#≈≈≈#.....#
#......≈#≈≈≈#.....#
#.......#≈≈≈#≈≈≈..#
##...≈.≈#≈≈≈#≈≈...#
#...≈≈≈#≈≈≈#P≈P..#
###..≈≈#≈≈≈≈≈≈≈..#
##''##≈≈≈##'@###
#....#≈≈≈#!K)K#
#.)..### #..!.#
#..∩.# #.∩..# #.[..#
#!...# ###### ######


You could see a kobold brigand and a kobold.

Vanquished Creatures
  2 kobold brigands (Sewer)
  2 scorpions
  5 wights
  Crazy Yiuf (D:2)
  Terence (D:2)
  2 orc wizards (D:3)
  9 adders
  3 dart slugs (D:2)
  9 orcs
  8 bats
  3 endoplasms
  7 giant cockroaches
  13 goblins
  3 hobgoblins
  2 jackals (D:2)
  4 quokkas
  5 ball pythons
  A frilled lizard (D:1)
  6 kobolds
  8 rats
94 creatures vanquished.

Vanquished Creatures (others)
  2 plants (Sewer)
2 creatures vanquished.

Grand Total: 96 creatures vanquished

Notes
Turn   | Place    | Note
-------+----------+-------------------------------------------
     0 | D:1      | Jortsu the Gnoll Brigand began the quest for the Orb.
     0 | D:1      | Reached XP level 1. HP: 20/20 MP: 1/1
    85 | D:1      | You fall into a shaft and drop 1 floor!
   135 | D:2      | Noticed Terence
   143 | D:2      | Killed Terence
   144 | D:2      | Reached XP level 2. HP: 5/26 MP: 1/3
   144 | D:2      | Reached XP level 3. HP: 6/31 MP: 1/4
   162 | D:2      | HP: 1/31 [dart slug/slug dart (2)]
   531 | D:2      | Reached skill level 1 in Invocations
   911 | D:1      | Found Guostrisch's Assorted Antiques.
  1336 | D:2      | Reached skill level 1 in Long Blades
  1336 | D:2      | Reached skill level 1 in Axes
  1336 | D:2      | Reached skill level 1 in Maces & Flails
  1336 | D:2      | Reached skill level 1 in Polearms
  1336 | D:2      | Reached skill level 1 in Staves
  1336 | D:2      | Reached skill level 1 in Slings
  1336 | D:2      | Reached skill level 1 in Bows
  1336 | D:2      | Reached skill level 1 in Crossbows
  1336 | D:2      | Reached skill level 1 in Armour
  1336 | D:2      | Reached skill level 1 in Shields
  1336 | D:2      | Reached skill level 1 in Unarmed Combat
  1336 | D:2      | Reached skill level 1 in Spellcasting
  1336 | D:2      | Reached skill level 1 in Evocations
  1429 | D:2      | Noticed a scorpion
  1436 | D:2      | Killed a scorpion
  1437 | D:2      | Reached skill level 1 in Conjurations
  1437 | D:2      | Reached skill level 1 in Hexes
  1437 | D:2      | Reached skill level 1 in Summonings
  1437 | D:2      | Reached skill level 1 in Necromancy
  1437 | D:2      | Reached skill level 1 in Translocations
  1437 | D:2      | Reached skill level 1 in Transmutations
  1437 | D:2      | Reached skill level 1 in Fire Magic
  1437 | D:2      | Reached skill level 1 in Ice Magic
  1437 | D:2      | Reached skill level 1 in Air Magic
  1437 | D:2      | Reached skill level 1 in Earth Magic
  1437 | D:2      | Reached skill level 1 in Poison Magic
  1437 | D:2      | Reached XP level 4. HP: 19/38 MP: 5/5
  1805 | D:2      | Reached XP level 5. HP: 40/43 MP: 6/6
  1969 | D:2      | Found a faded altar of an unknown god.
  1977 | D:2      | Prayed at the altar of an unknown god.
  1977 | D:2      | Became a worshipper of the Shining One
  1977 | D:2      | Reached * piety under the Shining One
  1988 | D:2      | Found a runed translucent door.
  1989 | D:2      | Noticed Crazy Yiuf
  1994 | D:2      | Killed Crazy Yiuf
  2498 | D:3      | Found a glowing silver altar of Zin.
  2746 | D:3      | Reached skill level 8 in Stealth
  2921 | D:3      | Reached XP level 6. HP: 50/50 MP: 8/8
  3013 | D:3      | Reached skill level 5 in Fighting
  3013 | D:3      | Reached skill level 5 in Short Blades
  3013 | D:3      | Reached skill level 5 in Throwing
  3327 | D:4      | Reached XP level 7. HP: 29/55 MP: 10/10
  3331 | D:4      | HP: 2/52 [wight/+5 short sword (5)]
  3950 | D:4      | Noticed Robin
  3955 | D:5      | Entered Level 5 of the Dungeon
  4238 | D:5      | Found a glowing drain.
  4238 | D:5      | Reached ** piety under the Shining One
  4264 | Sewer    | Entered a sewer
  4614 | Sewer    | Slain by a kobold

Illustrated notes

Levels and vault maps discovered:
D:1:      dpeg_arrival_boxorama, layout_basic, serial_shops,
          nicolae_shop_overgrown_old_shop
D:2:      layout_basic, dreamdust_ecumenical_altar_statues, uniq_terence,
          uniq_crazy_yiuf_cottage
D:3:      minmay_chambers_of_threes, layout_loops_ring, zin_statuary,
          chequers_mini_garden
D:4:      layout_rooms, nicolae_ru_awakened_eye,
          mainiacjoe_overflow_tiny_flanked,
          lemuel_mausoleum_altar_kikubaaqudgha, uniq_duvessa, uniq_robin,
          uniq_grinder
D:5:      layout_basic, temple_green, portal_sewer_entry_f,
          guppyfry_early_lair_pool
Sewer:    kennysheep_pipe_town

Skill      XL: |  1  2  3  4  5  6  7 |
---------------+----------------------+-----
Invocations    | 1 2 3 |  3.0
Long Blades    | 1 2 |  2.7
Axes           | 1 2 |  2.7
Maces & Flails | 1 2 |  2.7
Polearms       | 1 2 |  2.7
Staves         | 1 2 |  2.7
Slings         | 1 2 |  2.7
Bows           | 1 2 |  2.7
Crossbows      | 1 2 |  2.7
Armour         | 1 2 |  2.7
Shields        | 1 2 |  2.7
Unarmed Combat | 1 2 |  2.7
Spellcasting   | 1 2 |  2.7
Evocations     | 1 2 |  2.7
Conjurations   | 1 2 |  2.2
Hexes          | 1 2 |  2.2
Summonings     | 1 2 |  2.2
Necromancy     | 1 2 |  2.2
Translocations | 1 2 |  2.2
Transmutations | 1 2 |  2.2
Fire Magic     | 1 2 |  2.2
Ice Magic      | 1 2 |  2.2
Air Magic      | 1 2 |  2.2
Earth Magic    | 1 2 |  2.2
Poison Magic   | 1 2 |  2.2
Dodging        | 3 |  3.8
Stealth        | 8 |  8.3
Fighting       | 5 |  5.4
Short Blades   | 5 |  5.4
Throwing       | 5 |  5.4

Action                   |  1- 3 |  4- 6 |  7- 9 || total
-------------------------+-------+-------+-------++-------
Melee: Dagger            |     6 |       |       ||     6
       Short sword       |    34 |   118 |   116 ||   268
       Bite              |     3 |     9 |     4 ||    16
       Punch             |       |     3 |     8 ||    11
  Use: Scroll            |     7 |     5 |       ||    12
 Stab: Sleeping          |     6 |     1 |       ||     7
Armor: Robe              |     1 |       |       ||     1
       Leather armour    |     7 |    46 |    35 ||    88
Dodge: Dodged            |    15 |    74 |    94 ||   183

Table legend: (Time is in decaauts)
 A = Elapsed time spent in this place.
 B = Non-inter-level travel time spent in this place.
 C = Inter-level travel time spent in this place.
 D = Time resting spent in this place.
 E = Time spent auto-exploring this place.
 F = Levels seen in this place.
 G = Mean time per level.
                   A        B        C        D        E       F      G
               +--------+--------+--------+--------+--------+-----+--------+
         Total |   4592 |   4514 |     78 |   1017 |   2507 |   6 |  765.3 |
       Dungeon |   4237 |   4159 |     78 |   1017 |   2272 |   5 |  847.4 |
         Sewer |    355 |    355 |      0 |      0 |    235 |   1 |  355.0 |
               +--------+--------+--------+--------+--------+-----+--------+

Top non-repeatable levels by time:
     D:2: 1434 daAuts
     D:3: 1281 daAuts
     D:1: 855 daAuts
     D:4: 359 daAuts
   Sewer: 355 daAuts
     D:5: 306 daAuts
